 Dungeon Crawl Stone Soup version 0.27-a0-277-g024f7ef292 (webtiles) character file.

Game seed: 10295109866496574399

198314 gimp the Thaumaturge (level 18, -3/108 HPs)
             Began as an Octopode Earth Elementalist on Feb 6, 2021.
             Was an Initiate of Gozag.
             Slain by a merfolk impaler
             ... wielding a +3 trident of protection
              (21 damage)
             ... on level 4 of the Shoals.
             The game lasted 02:01:38 (55501 turns).

gimp the Thaumaturge (Octopode Earth Elementalist) Turns: 55501, Time: 02:01:39

Health: -3/108     AC:  7    Str:  7    XL:     18   Next: 44%
Magic:  0/36       EV: 23    Int: 25    God:    Gozag
Gold:   5098       SH: 12    Dex: 19    Spells: 9/46 levels left

rFire    . . .     SeeInvis +   a - +12 Vampire's Tooth {vamp}
rCold    + + .     Faith    .   E - +0 kite shield {reflect}
rNeg     + . .     Spirit   +   Z - +2 hat of the Bear Spirit {Spirit, +Rage rN+ Will++}
rPois    +         Reflect  +   O - amulet of regeneration
rElec    .         Harm     .   X - ring of see invisible
rCorr    .         Rampage  .   P - ring of poison resistance
Will     ++++.                  y - ring of wizardry
Stlth    ++++++....             A - +4 ring of evasion
HPRegen  0.68/turn              D - +4 ring of protection
MPRegen  0.25/turn              G - ring of protection from cold
                                I - +6 ring of dexterity
                                r - ring "Heen" {rC+ Will+}

@: barbed spikes, gold aura, studying Stealth
A: almost no armour, stealthy swim, amphibious, 8 rings, constrict 8, camouflage
1, gelatinous body 1
}: 1/15 runes: barnacled
a: Renounce Religion, Evoke Berserk Rage, Potion Petition, Call Merchant, Bribe
Branch


You were on level 4 of the Shoals.
You worshipped Gozag.
Gozag was greatly pleased with you.
You visited 5 branches of the dungeon, and saw 28 of its levels.
You also visited: Sewer, Gauntlet and Volcano.

You collected 12656 gold pieces.
You spent 5615 gold pieces at shops.
You paid 1943 gold pieces to Gozag.

Inventory:

Hand Weapons
 a - the +12 Vampire's Tooth (weapon) {vamp}
   (You bought it in a shop on level 8 of the Dungeon)

   It inflicts no extra harm, but heals its wielder when it wounds a living foe.
Missiles
 g - 114 poisoned darts
 h - 15 throwing nets
 T - 3 curare-tipped darts
Armour
 E - a +0 kite shield of reflection (worn)
 Z - the +2 hat of the Bear Spirit (worn) {Spirit, +Rage rN+ Will++}
   (You bought it in a shop on level 2 of the Orcish Mines)

   It protects you from negative energy.
   It affects your willpower, your defense against some magical effects.
   It lets you go berserk.
Magical Staves
 b - an uncursed staff of earth
 B - an uncursed staff of air
Jewellery
 m - an uncursed ring of flight
 r - the ring "Heen" (on tentacle) {rC+ Will+}
   (You took it off a fire giant on level 14 of the Dungeon)

   [ring of willpower]

   It protects you from cold.
   It affects your willpower, your defense against some magical effects.
 t - an uncursed ring of resist corrosion
 y - a ring of wizardry (on tentacle)
 A - a +4 ring of evasion (on tentacle)
 D - a +4 ring of protection (on tentacle)
 G - a ring of protection from cold (on tentacle)
 I - a +6 ring of dexterity (on tentacle)
 M - an uncursed ring of positive energy
 O - an amulet of regeneration (around mantle)
 P - a ring of poison resistance (right tentacle)
 R - an uncursed ring of willpower
 X - a ring of see invisible (left tentacle)
Wands
 u - a wand of digging (13)
 w - a wand of iceblast (40)
 N - a wand of flame (76)
 S - a wand of acid (1)
Scrolls
 e - 10 scrolls of teleportation
 j - 16 scrolls of remove curse
 k - a scroll of magic mapping
 l - 2 scrolls of amnesia
 q - 6 scrolls of blinking
 x - 7 scrolls of fog
 H - 9 scrolls of identify
 L - a scroll of silence
 W - 4 scrolls of fear
Potions
 c - 5 potions of might
 d - 10 potions of mutation
 f - a potion of haste
 i - 10 potions of heal wounds
 o - 5 potions of brilliance
 s - 6 potions of flight
 v - a potion of invisibility
 z - 13 potions of curing
 C - 2 potions of magic
 J - 3 potions of cancellation
 Q - 4 potions of resistance
 U - 4 potions of berserk rage
 V - a potion of ambrosia
Miscellaneous
 n - a box of beasts
 Y - a condenser vane


   Skills:
 - Level 5.0 Fighting
 - Level 8.0 Short Blades
 - Level 8.1 Dodging
 - Level 10.0 Stealth
 * Level 13.5 Shields
 + Level 14.5 Spellcasting
 - Level 10.0 Conjurations
 - Level 2.0 Translocations
 - Level 10.0 Transmutations
 + Level 12.3 Fire Magic
 - Level 12.0 Earth Magic


You had 9 spell levels left.
You knew the following spells:

 Your Spells              Type           Power        Failure   Level
a - Stone Arrow           Conj/Erth      100%         1%          3
b - Passwall              Tmut/Erth      54%          1%          2
c - Petrify               Tmut/Erth      65%          1%          4
d - Lee's Rapid Deconstr  Erth           33%          1%          5
e - Irradiate             Conj/Tmut      31%          1%          5
f - Bolt of Magma         Conj/Fire/Erth 33%          1%          5
g - Blink                 Tloc           N/A          1%          2
h - Statue Form           Tmut/Erth      43%          2%          6
i - Fireball              Conj/Fire      32%          1%          5

Your spell library contained the following spells:

 Spells                   Type           Power        Failure   Level
 Beastly Appendage        Tmut           100%         1%          1
 Foxfire                  Conj/Fire      100%         1%          1
 Magic Dart               Conj           100%         1%          1
 Sandblast                Erth           100%         1%          1
 Sting                    Tmut/Pois      100%         1%          1
 Conjure Flame            Conj/Fire      65%          1%          3
 Gell's Gravitas          Tloc           14%          1%          3
 Ignite Poison            Fire/Tmut/Pois 53%          1%          3
 Inner Flame              Hex/Fire       48%          1%          3
 Mephitic Cloud           Conj/Pois/Air  34%          1%          3
 Static Discharge         Conj/Air       43%          1%          3
 Leda's Liquefaction      Hex/Erth       24%          1%          4
 Sticky Flame             Conj/Fire      65%          1%          4
 Call Imp                 Summ           18%          2%          2
 Poisonous Vapours        Pois/Air       36%          2%          2
 Slow                     Hex            18%          2%          2
 Sublimation of Blood     Necr           9%           2%          2
 Iron Shot                Conj/Erth      32%          2%          6
 Confusing Touch          Hex            18%          4%          3
 Alistair's Intoxication  Tmut/Pois      28%          5%          5
 Lightning Bolt           Conj/Air       21%          5%          5
 Yara's Violent Unravell  Hex/Tmut       21%          5%          5
 Dragon Form              Tmut           31%          21%         7
 Eringya's Noxious Bog    Tmut/Pois      21%          28%         6
 Metabolic Englaciation   Hex/Ice        9%           38%         5
 Freezing Cloud           Conj/Ice/Air   17%          47%         6
 Ignition                 Fire           34%          50%         8
 Haunt                    Necr/Summ      9%           100%        7
 Malign Gateway           Summ/Tloc      11%          100%        7
 Monstrous Menagerie      Summ           9%           100%        7
 Summon Horrible Things   Summ           9%           100%        8
 Shatter                  Erth           33%          100%        9
 Tornado                  Air            9%           100%        9
 Animate Armour           Summ/Erth      Unusable     N/A         4

Dungeon Overview and Level Annotations

Branches:
Dungeon (15/15)            Temple (1/1) D:5            Lair (6/6) D:10
 Shoals (4/4) Lair:3       Spider (0/4) Lair:4        Slime (0/5) Lair:5
    Orc (2/2) D:9             Elf (0/3) Orc:2        Vaults (0/5) D:13
 Depths (0/5) D:15          Sewer (visited)         Volcano (visited)
Gauntlet (visited)

Altars:
Ashenzari
Cheibriados
Dithmenos
Elyvilon
Fedhas
Gozag
Hepliaklqana
Kikubaaqudgha
Makhleb
Nemelex Xobeh
Okawaru
Qazlal
Ru
Sif Muna
Trog
Uskayaw
Vehumet
Wu Jian
Xom
Yredelemnul
Zin
The Shining One
Jiyva

Shops:
D:4 !   D:8 *   D:10 :   D:13 *   Orc:2 [*[:*

Annotations:
D:2 Sigmund
D:13 1 exclusion
D:14 Kirke
Lair:1 1 runed translucent door
Orc:1 2 runed translucent doors, Xocaf's ghost, journeyman TeBe


Innate Abilities, Weirdness & Mutations

You cannot wear most types of armour.
You are very stealthy in the water. (Stealth+)
You are amphibious.
You can wear up to eight rings at the same time.
You can use your tentacles to constrict eight enemies at once.
Your skin changes colour to match your surroundings (Stealth+).
Your rubbery body absorbs attacks. (AC +1, EV +1)


Message History

Casting: Fireball (mildly dangerous; 1% risk of failure)
Confirm with . or Enter, or press ? or * to list all spells.
Aiming: Fireball (mildly dangerous; 1% risk of failure)
Press: ? - help, Shift-Dir - straight line, f - manticore
Aim: a manticore (almost dead)
Okay, then.
Casting: Fireball (mildly dangerous; 1% risk of failure)
Confirm with . or Enter, or press ? or * to list all spells.
Aiming: Bolt of Magma (mildly dangerous; 1% risk of failure)
Press: ? - help, Shift-Dir - straight line, f - merfolk javelineer
Aim: a merfolk javelineer, wielding a +0 spear, wearing a +0 leather armour and quivering javelins (moderately wounded, 43% to evade)
The bolt of magma hits the manticore!!!
You kill the manticore!
The bolt of magma misses the merfolk javelineer.
The merfolk javelineer throws a javelin.
The javelin pierces through you!!
* * * LOW HITPOINT WARNING * * *
The merfolk impaler hits you from afar with a +3 trident of protection!!
You die...
Your body crumbles into a pile of gold.

≈≈≈≈≈...############.≈≈≈≈≈≈≈≈≈≈≈≈
≈≈≈≈≈..).#............(<.)≈≈≈≈≈≈≈
≈≈≈≈..≈.....................≈≈≈≈≈
≈≈≈≈..≈...............(####.≈≈≈≈≈
≈≈≈≈≈.≈≈...............# ##.≈≈≈≈
≈≈≈≈≈≈≈≈≈.........###### #.≈≈≈≈
≈≈≈≈≈≈≈≈≈≈.......##m..######..≈≈≈
≈≈≈≈≈≈≈≈≈≈.......#..$..#.!...≈≈≈≈
≈≈≈≈≈≈≈≈≈≈......@$Hm)..#....≈≈≈≈≈
..≈≈≈≈≈≈≈≈.......#m....#.≈≈≈≈≈≈≈≈
...≈≈≈≈≈≈≈.......##...##..≈≈≈≈≈≈≈
###.≈≈≈≈≈.........#####...≈≈≈≈≈≈≈
#.≈≈.≈≈..<.............≈≈≈≈≈≈≈≈ #
#..)...?................≈≈..≈≈≈
###.≈))......(..................≈
....).###........#....##..≈..###.
≈≈≈...# ##..........≈##...≈.## #.


You could see 2 merfolk impalers, a merfolk javelineer and a manticore.

Vanquished Creatures
  Rupert (D:14)
  A sphinx (D:14)
  Frances (D:13)
  2 krakens
  Gastronok (D:11)
  Donald (Shoals:2)
  Ilsuiw (Shoals:3)
  3 fire giants
  Louise (Shoals:3)
  An orc warlord (Orc:2)
  Azrael (D:14)
  A deep elf annihilator (D:14)
  Nessos (Lair:4)
  A bunyip (shapeshifter) (D:14)
  A minotaur (Gauntlet)
  5 merfolk javelineers (Shoals:4)
  An ettin (D:14)
  Snorg (Lair:4)
  Josephine (D:14)
  11 merfolk impalers
  A rakshasa (D:14)
  2 boulder beetles (D:12)
  16 hydras
  6 merfolk avatars
  2 catoblepae
  7 merfolk aquamancers
  10 centaur warriors
  6 two-headed ogres
  A tengu warrior (D:10)
  4 orc high priests (Orc:2)
  2 satyrs
  A shock serpent (shapeshifter) (Gauntlet)
  An unseen horror (D:15)
  13 sea snakes
  3 orc knights
  A swamp dragon (shapeshifter) (D:14)
  2 wizards
  3 deep elf pyromancers
  A lindwurm (Lair:4)
  A wolf spider (D:14)
  8 ugly things
  22 harpies
  6 fauns
  3 orc sorcerers (Orc:2)
  A shining eye (Gauntlet)
  5 cyclopes
  18 manticores
  4 salamanders (Volcano)
  Maurice (D:9)
  11 merfolk sirens
  A black mamba (shapeshifter) (D:15)
  7 water nymphs
  17 elephants
  4 black mambas
  8 cane toads
  9 rime drakes
  Psyche (D:10)
  15 komodo dragons
  A kobold demonologist (D:11)
  A yaktaur (D:14)
  2 tengu conjurers (D:13)
  A jumping spider (Lair:4)
  31 merfolk
  3 trolls
  9 polar bears (Lair:6)
  4 hornets
  14 wind drakes
  7 blink frogs
  9 dream sheep
  11 slime creatures
  6 snapping turtles
  3 shadows (D:14)
  17 water elementals
  3 redbacks (Lair:4)
  8 wraiths
  23 yaks
  A tarantella (shapeshifter) (Gauntlet)
  6 wyverns
  3 basilisks
  Eustachio (D:6)
  A fire bat (Volcano)
  A golden eye (Gauntlet)
  11 humans (D:13)
  Grum (Lair:1)
  7 hogs (D:14)
  5 vampire mosquitoes (D:13)
  2 fire elementals (D:14)
  2 wargs (Orc:2)
  2 acid dragons
  22 water moccasins
  2 soldier ants
  8 hell hounds
  A floating eye (Gauntlet)
  Purgy (Sewer)
  29 orc warriors
  2 eyes of draining
  3 ice beasts
  9 sky beasts
  5 black bears
  3 necrophages
  9 ogres
  31 centaurs
  27 wolves
  4 phantoms
  4 big kobolds (D:10)
  Blork the orc (D:5)
  19 bullfrogs
  A gnoll sergeant (D:9)
  A wyvern skeleton (D:10)
  3 scorpions
  8 killer bees (D:10)
  6 howler monkeys
  14 wights
  6 electric eels (D:12)
  3 centaur zombies
  2 bullfrog zombies
  2 quasits
  8 centaur skeletons
  7 hounds
  14 jellies
  35 orc priests
  A bullfrog skeleton (D:6)
  A gnoll shaman (D:6)
  6 iguanas
  33 orc wizards
  10 worker ants
  A hound zombie (D:10)
  A howler monkey zombie (D:8)
  4 hound skeletons
  3 worker ant zombies
  A howler monkey skeleton (D:11)
  9 gnolls
  10 adders
  5 shadow imps
  6 white imps
  3 ufetubi
  15 oozes
  2 adder zombies
  2 adder skeletons
  A worm (shapeshifter) (Gauntlet)
  6 worms
  5 dart slugs
  5 leopard geckos
  90 orcs
  7 bats
  3 giant cockroaches
  7 goblins
  10 hobgoblins
  20 jackals
  7 quokkas
  2 ball pythons
  4 frilled lizards
  30 kobolds
  9 rats
  2 tentacles (Shoals:1)
1068 creatures vanquished.

Vanquished Creatures (others)
  A human (D:13)
  A wight (D:14)
  A frilled lizard (D:2)
  7 bushes
  51 fungi
  270 plants
  26 tentacles
  14 toadstools (Lair:1)
371 creatures vanquished.

Grand Total: 1439 creatures vanquished

Notes
Turn   | Place    | Note
-------+----------+-------------------------------------------
     0 | D:1      | gimp the Octopode Earth Elementalist began the quest for
                  | the Orb.
     0 | D:1      | Reached XP level 1. HP: 11/11 MP: 3/3
   244 | D:1      | Reached XP level 2. HP: 11/18 MP: 0/5
   808 | D:1      | Reached skill level 1 in Fighting
   850 | D:1      | Reached XP level 3. HP: 23/23 MP: 2/6
  1416 | D:2      | Learned a level 3 spell: Stone Arrow
  1610 | D:2      | Noticed Sigmund
  1638 | D:2      | Reached XP level 4. HP: 27/28 MP: 7/7
  2229 | D:2      | Reached skill level 1 in Conjurations
  2638 | D:3      | Noticed a phantom
  2650 | D:3      | Killed a phantom
  2651 | D:3      | Reached skill level 3 in Spellcasting
  2651 | D:3      | Reached XP level 5. HP: 24/33 MP: 4/9
  3001 | D:3      | Found a broken altar of Ashenzari.
  3146 | D:3      | Found a broken altar of Ashenzari.
  3623 | D:4      | Noticed an ogre
  3635 | D:4      | Killed an ogre
  3636 | D:4      | Reached skill level 5 in Earth Magic
  3636 | D:4      | Reached XP level 6. HP: 18/38 MP: 5/10
  4508 | D:4      | Found Oboerrui's Distillery.
  4597 | D:4      | Bought a potion of attraction for 33 gold pieces
  4597 | D:4      | Bought a potion of degeneration for 11 gold pieces
  4601 | D:4      | Bought a potion of lignification for 33 gold pieces
  4601 | D:4      | Bought a potion of brilliance for 44 gold pieces
  4764 | D:5      | Entered Level 5 of the Dungeon
  4773 | D:5      | Reached XP level 7. HP: 43/43 MP: 8/12
  4839 | D:5      | Found a staircase to the Ecumenical Temple.
  4861 | Temple   | Entered the Ecumenical Temple
  5517 | Temple   | Became a worshipper of Gozag Ym Sagoz the Greedy
  5648 | D:5      | Learned a level 4 spell: Petrify
  5654 | D:5      | Learned a level 5 spell: Lee's Rapid Deconstruction
  6311 | D:5      | Noticed Blork the orc
  6318 | D:5      | Killed Blork the orc
  6319 | D:5      | Reached skill level 1 in Short Blades
  6389 | D:5      | Found a shimmering blue altar of Sif Muna.
  6791 | D:6      | Found a glowing drain.
  6800 | D:6      | Reached skill level 4 in Spellcasting
  6807 | Sewer    | Entered a sewer
  7010 | Sewer    | Noticed Purgy
  7016 | Sewer    | Killed Purgy
  7017 | Sewer    | Reached XP level 8. HP: 48/48 MP: 1/14
  7121 | Sewer    | Identified the Collected Works on Moulding
  7746 | D:6      | Reached skill level 5 in Conjurations
  8002 | D:6      | Noticed a slime creature
  9604 | D:6      | Reached XP level 9. HP: 38/53 MP: 3/16
  9824 | D:6      | Reached skill level 5 in Spellcasting
 10129 | D:6      | Noticed Eustachio
 10144 | D:6      | Killed Eustachio
 11951 | D:8      | Noticed a two-headed ogre
 11976 | D:8      | Killed a two-headed ogre
 11977 | D:8      | Reached skill level 6 in Spellcasting
 11977 | D:8      | Reached XP level 10. HP: 58/58 MP: 3/19
 12296 | D:8      | Reached skill level 5 in Short Blades
 12936 | D:8      | Found Efynomm's Assorted Antiques.
 12947 | D:8      | Bought a metal-bound book for 495 gold pieces
 13342 | D:9      | Reached skill level 5 in Transmutations
 13423 | D:9      | Noticed a two-headed ogre
 13427 | D:9      | Noticed Maurice
 13429 | D:9      | Killed a two-headed ogre
 13430 | D:9      | Reached skill level 10 in Earth Magic
 14077 | D:9      | Killed Maurice
 14862 | D:9      | Reached skill level 7 in Spellcasting
 15195 | D:9      | Reached XP level 11. HP: 63/63 MP: 13/21
 15678 | D:9      | Found a staircase to the Orcish Mines.
 15863 | D:10     | Entered Level 10 of the Dungeon
 16245 | D:10     | Noticed a two-headed ogre
 16255 | D:10     | Killed a two-headed ogre
 16430 | D:10     | Noticed a tengu warrior
 16449 | D:10     | Killed a tengu warrior
 17015 | D:10     | Found a staircase to the Lair.
 17133 | D:10     | Identified the cursed +0 war axe "Laurihen" {vorpal, +Fly
                  | Int+6}
 17329 | D:10     | Found Boqen's Book Boutique.
 17444 | D:10     | Learned a level 5 spell: Irradiate
 17450 | D:10     | Learned a level 5 spell: Bolt of Magma
 17474 | D:10     | Got a smoking lead amulet
 17480 | D:10     | Identified the amulet "Tosavine" {Inacc Str+2 Int+6} (You
                  | found it on level 10 of the Dungeon)
 17971 | D:10     | Noticed Psyche
 17981 | D:10     | Killed Psyche
 19869 | D:11     | Reached skill level 8 in Spellcasting
 20273 | D:11     | Reached XP level 12. HP: 68/68 MP: 6/24
 20757 | D:11     | Noticed Gastronok
 21368 | D:11     | Killed Gastronok
 21369 | D:11     | Reached skill level 5 in Stealth
 21534 | D:8      | Bought the +12 Vampire's Tooth {vamp} for 1980 gold pieces
 21534 | D:8      | Found the +12 Vampire's Tooth {vamp}
 21534 | D:8      | Bought a curved glass wand for 132 gold pieces
 21591 | Lair:1   | Entered Level 1 of the Lair of Beasts
 22336 | Lair:1   | Noticed Grum
 22393 | Lair:1   | Killed Grum
 23168 | Lair:1   | Reached skill level 9 in Spellcasting
 23231 | Lair:1   | Found a runed translucent door.
 23257 | Lair:1   | Noticed a dire elephant
 23257 | Lair:1   | Noticed a dire elephant
 23651 | Lair:2   | Noticed a five-headed hydra
 23665 | Lair:2   | Killed a five-headed hydra
 24297 | Lair:2   | Noticed a five-headed hydra
 24307 | Lair:2   | Killed a five-headed hydra
 24372 | Lair:2   | Noticed a five-headed hydra
 24384 | Lair:2   | Killed a five-headed hydra
 24404 | Lair:2   | Noticed a four-headed hydra
 24413 | Lair:2   | Killed a four-headed hydra
 24414 | Lair:2   | Reached XP level 13. HP: 79/79 MP: 21/26
 24661 | Lair:2   | Learned a level 2 spell: Blink
 24668 | Lair:2   | Learned a level 6 spell: Statue Form
 24922 | Lair:3   | Found a staircase to the Shoals.
 26205 | Lair:4   | Reached skill level 10 in Spellcasting
 26319 | Lair:4   | Noticed Snorg
 26330 | Lair:4   | Killed Snorg
 26331 | Lair:4   | Reached skill level 5 in Fighting
 26753 | Lair:4   | Noticed Nessos
 26763 | Lair:4   | Reached skill level 10 in Stealth
 26763 | Lair:4   | Reached skill level 10 in Transmutations
 26765 | Lair:4   | Killed Nessos
 26948 | Lair:4   | Reached skill level 1 in Fire Magic
 27055 | Lair:4   | Found a hole to the Spider Nest.
 28239 | Lair:5   | Found a viscous altar of Jiyva.
 28240 | Lair:5   | Found a staircase to the Slime Pits.
 29079 | Lair:6   | Entered Level 6 of the Lair of Beasts
 29200 | Lair:6   | Reached XP level 14. HP: 83/88 MP: 3/28
 29210 | Lair:6   | Found a gate leading to a gauntlet.
 29230 | Gauntlet | Entered a Gauntlet
 29230 | Gauntlet | Found a runed translucent door.
 29230 | Gauntlet | Found a transporter.
 29230 | Gauntlet | Found a runed translucent door.
 29230 | Gauntlet | Found a transporter.
 29345 | Gauntlet | Found a transporter.
 29357 | Gauntlet | Found a transporter.
 29375 | Gauntlet | Found a transporter.
 29375 | Gauntlet | Found a transporter.
 29375 | Gauntlet | Found a transporter.
 29377 | Gauntlet | Found a transporter.
 29377 | Gauntlet | Found a transporter.
 29390 | Gauntlet | Found a transporter.
 29405 | Gauntlet | Found a transporter.
 29415 | Gauntlet | Found a transporter.
 29429 | Gauntlet | Found a transporter.
 29451 | Gauntlet | Found a transporter.
 29778 | Gauntlet | Reached skill level 5 in Dodging
 29905 | Gauntlet | Identified the +10 halberd "Ila Faoli" {spect, rF++ rC+}
 29905 | Gauntlet | Identified the +10 halberd "Ila Faoli" {spect, rF++ rC+}
 29922 | Gauntlet | Got an ancient dagger
 29923 | Gauntlet | Identified the +3 dagger "Zuozab" {vamp, rPois rF- Dex+4}
                  | (You found it in a Gauntlet)
 30193 | Lair:6   | Reached skill level 11 in Spellcasting
 30435 | Lair:6   | Reached skill level 5 in Fire Magic
 32690 | Lair:6   | Learned a level 5 spell: Fireball
 33663 | Orc:1    | Entered Level 1 of the Orcish Mines
 33896 | D:10     | Bought a book of the Tempests for 700 gold pieces
 34081 | Orc:2    | Entered Level 2 of the Orcish Mines
 34116 | Orc:2    | Reached XP level 15. HP: 92/92 MP: 7/30
 34360 | Orc:2    | Found a dark tunnel.
 34488 | Volcano  | Entered a volcano
 35022 | Orc:1    | Found a large runed translucent door.
 35022 | Orc:1    | Found a large runed translucent door.
 35059 | Orc:1    | Noticed Xocaf's ghost (journeyman TeBe)
 35846 | Orc:2    | Found a bloodstained altar of Trog.
 36252 | Orc:2    | Reached skill level 12 in Spellcasting
 36655 | Orc:2    | Found Asit's General Store.
 36720 | Orc:2    | Found a staircase to the Elven Halls.
 36723 | Orc:2    | Noticed an orc warlord
 36740 | Orc:2    | Killed an orc warlord
 36966 | Orc:2    | Bought a potion of ambrosia for 104 gold pieces
 36966 | Orc:2    | Bought a scroll of fear for 45 gold pieces
 37230 | Orc:2    | Found Tomom's Armour Emporium.
 37230 | Orc:2    | Found Civeet's Armour Shoppe.
 37231 | Orc:2    | Found Ypne's Book Shoppe.
 37234 | Orc:2    | Found Syohivet's Assorted Antiques.
 37240 | Orc:2    | Bought a golden ring for 170 gold pieces
 37240 | Orc:2    | Bought a condenser vane for 1360 gold pieces
 37249 | Orc:2    | Bought the +2 hat of the Bear Spirit {Spirit, +Rage rN+
                  | Will++} for 508 gold pieces
 37249 | Orc:2    | Found the +2 hat of the Bear Spirit {Spirit, +Rage rN+
                  | Will++}
 37884 | D:12     | Reached skill level 1 in Shields
 40457 | D:13     | Found a gate to the Vaults.
 40785 | D:13     | Learned a level 2 spell: Passwall
 40935 | D:13     | Found Sutep's Changing Room.
 41061 | D:13     | Noticed Frances
 41278 | D:13     | Reached skill level 5 in Shields
 41326 | D:13     | Reached skill level 10 in Conjurations
 41622 | D:13     | Killed Frances
 41623 | D:13     | Reached XP level 16. HP: 98/98 MP: 11/32
 41638 | D:13     | Reached skill level 1 in Translocations
 42177 | D:14     | Noticed a sphinx
 42180 | D:14     | Noticed Azrael
 42185 | D:14     | Noticed Rupert
 42208 | D:14     | Killed Azrael
 42462 | D:14     | Killed Rupert
 42613 | D:14     | Killed a sphinx
 42625 | D:14     | Identified the ring "Heen" {rC+ Will+}
 43485 | D:14     | Reached skill level 13 in Spellcasting
 43565 | D:14     | Noticed Josephine
 43582 | D:14     | Killed Josephine
 44020 | D:14     | Noticed Kirke
 44027 | D:14     | Noticed a sphinx
 44464 | D:15     | Entered Level 15 of the Dungeon
 44495 | D:15     | Found a staircase to the Depths.
 44902 | D:15     | Reached skill level 10 in Fire Magic
 45636 | D:15     | Found a glowing golden altar of the Shining One.
 46624 | Shoals:1 | Entered Level 1 of the Shoals
 47241 | Shoals:1 | Reached XP level 17. HP: 103/103 MP: 14/34
 47471 | Shoals:1 | Noticed a kraken
 47543 | Shoals:1 | Killed a kraken
 47544 | Shoals:1 | Reached skill level 10 in Shields
 48309 | Shoals:2 | Noticed Donald
 48559 | Shoals:2 | Killed Donald
 49231 | Shoals:2 | Found an ornate altar of the Wu Jian Council.
 49236 | Shoals:2 | Noticed a kraken
 49267 | Shoals:2 | Killed a kraken
 50684 | Shoals:3 | Noticed Ilsuiw
 51573 | Shoals:3 | Killed Ilsuiw
 52116 | Shoals:3 | Reached skill level 14 in Spellcasting
 52151 | Shoals:3 | Noticed Louise
 52622 | Shoals:3 | Killed Louise
 52725 | Shoals:4 | Entered Level 4 of the Shoals
 53508 | Shoals:4 | Reached XP level 18. HP: 80/108 MP: 2/36
 55231 | Shoals:4 | Identified a scroll of acquirement
 55232 | Shoals:4 | Acquired 656 gold pieces
 55356 | Shoals:4 | Got a barnacled rune of Zot
 55501 | Shoals:4 | Slain by a merfolk impaler

Illustrated notes

Levels and vault maps discovered:
D:1:      heliophobic_arrival_enchanted_forest, layout_basic
D:2:      layout_basic, lemuel_old_faithful, uniq_sigmund
D:3:      layout_basic, old_standard_altar, nicolae_ashenzari_panopticon
D:4:      layout_basic, serial_shops, shop
D:5:      layout_cave_pools, minmay_temple_entry_ruins, nrook_loot_triangle,
          tgw_sif
D:6:      lemuel_slime, layout_gridville, cheibrodos_sewer_entry_sluice,
          uniq_eustachio
D:7:      layout_basic
D:8:      layout_cave_pools, serial_shops, nicolae_shop_window_shopping,
          minmay_fractal_squares_5
D:9:      hangedman_cross_stitches, layout_gridville, hiddenorc2_lemuel,
          uniq_maurice
D:10:     wad_woods_structure_01, layout_basic, serial_shops,
          nicolae_shop_statue_plus, chequers_serial_rivers_large_b,
          minmay_radiant, uniq_psyche
D:11:     layout_long_grid, uniq_gastronok
D:12:     layout_loops_ring, serial_bayou_lake_a
D:13:     kennysheep_windowed_halls, layout_basic, ximxim_vaults_locker_room,
          nicolae_transmutations_shop, uniq_frances
D:14:     minmay_containers, layout_loops_ring, serial_bayou_pond_d,
          minmay_diamond_spiral, uniq_rupert, uniq_kirke, uniq_azrael,
          uniq_josephine
D:15:     grunt_enter_depths_giant_problem, layout_basic, serial_bayou_lagoon_a,
          nicolae_tso_swordbearing_angel
Temple:   nicolae_temple_the_god_donut
Lair:1:   gammafunk_lair_enchanted_lake, layout_layer_cave, serial_bayou_pond_c,
          grunt_megastairs_2, serial_bayou_shore_b, infiniplex_staircase_pool_2,
          serial_bayou_shore_b, uniq_grum
Lair:2:   layout_cave_pods, st_stairs_5, grunt_megastairs_4
Lair:3:   layout_chaotic_city, shoals_dummy_entry, beast_lair_carwin_5,
          grunt_megastairs_1
Lair:4:   layout_layer_cave, spider_nest_entry_a, uniq_nessos, uniq_snorg
Lair:5:   layout_cave_pods, slime_altar_1
Lair:6:   gammafunk_lair_ancient_temple, layout_regular_city,
          gauntlet_entry_generic, serial_bayou_pond_d, grunt_megastairs_5,
          lemuel_fruit_fields
Shoals:1: layout_shoals, nicolae_shoals_kraken_intersection
Shoals:2: layout_shoals, wheals_shoals_ruined_temple, uniq_donald
Shoals:3: layout_shoals, uniq_ilsuiw, uniq_louise
Shoals:4: shoals_end_simple, layout_shoals
Orc:1:    layout_caves, ebering_ghost_disaster_area
Orc:2:    st_orc_mages, layout_caves, enter_volcano_3, serial_shops,
          nicolae_shop_window_shopping, lemuel_statue_altar

Skill      XL: |  1  2  3  4  5  6  7  8  9 10 11 12 13 14 15 16 17 18 |
---------------+-------------------------------------------------------+-----
Fighting       | 1 3 5 |  5.0
Earth Magic    | 4 5 6 7 9 10 12 | 12.0
Conjurations   | 2 3 4 5 6 8 10 | 10.0
Spellcasting   | 3 4 6 7 8 9 10 11 12 13 14 | 14.5
Short Blades   | 1 3 4 6 7 8 |  8.0
Transmutations | 2 4 6 7 9 10 | 10.0
Stealth        | 3 8 10 | 10.0
Fire Magic     | 3 6 8 10 11 12 | 12.3
Dodging        | 4 7 8 |  8.1
Shields        | 5 9 12 13 | 13.5
Translocations | 2 |  2.0

Action                   |  1- 3 |  4- 6 |  7- 9 | 10-12 | 13-15 | 16-18 || total
-------------------------+-------+-------+-------+-------+-------+-------++-------
Melee: Unarmed           |    17 |    12 |       |     3 |       |       ||    32
       Constrict         |     7 |     5 |    11 |    28 |    78 |    79 ||   208
       Tentacles         |     3 |     2 |    13 |    28 |   157 |   133 ||   336
       Short sword       |    15 |    17 |    82 |    99 |       |       ||   213
       Staff             |       |       |       |    17 |    11 |       ||    28
       Quick blade       |       |       |       |    51 |   650 |   493 ||  1194
Throw: Stone             |       |       |       |     4 |       |       ||     4
 Cast: Sandblast         |    50 |    62 |    24 |     5 |       |       ||   141
       Stone Arrow       |       |       |   166 |   293 |   295 |   200 ||   954
       Petrify           |       |       |     2 |    49 |   269 |   203 ||   523
       Bolt of Magma     |       |       |       |     2 |    15 |    28 ||    45
       Lee's Rapid Decon |       |       |       |     1 |    13 |    18 ||    32
       Statue Form       |       |       |       |       |     4 |       ||     4
       Irradiate         |       |       |       |       |     7 |     7 ||    14
       Fireball          |       |       |       |       |     1 |    64 ||    65
Invok: Potion Petition   |       |       |       |       |       |     4 ||     4
Evoke: Wand              |       |       |       |     4 |     4 |     4 ||    12
       Condenser vane    |       |       |       |       |       |     3 ||     3
  Use: Scroll            |     3 |     4 |     6 |    10 |    10 |     5 ||    38
       Potion            |       |       |       |     3 |       |       ||     3
 Stab: Sleeping          |     2 |       |       |       |       |     3 ||     5
       Petrified         |       |       |     4 |    69 |   191 |   136 ||   400
       Petrifying        |       |       |       |     1 |    34 |    24 ||    59
       Distracted        |       |       |       |     1 |     1 |     2 ||     4
       Confused          |       |       |       |       |       |     1 ||     1
Armor: Skin              |     2 |     4 |     6 |    23 |    22 |    26 ||    83
Dodge: Dodged            |    20 |    23 |    72 |   181 |   334 |   233 ||   863
Block: Kite shield       |       |       |       |       |    52 |   229 ||   281
       Reflection        |       |       |       |       |       |    10 ||    10

Table legend: (Time is in decaauts)
 A = Elapsed time spent in this place.
 B = Non-inter-level travel time spent in this place.
 C = Inter-level travel time spent in this place.
 D = Time resting spent in this place.
 E = Time spent auto-exploring this place.
 F = Levels seen in this place.
 G = Mean time per level.
                   A        B        C        D        E       F      G
               +--------+--------+--------+--------+--------+-----+--------+
         Total |  54770 |  52678 |   2092 |   5159 |  38133 |  31 | 1766.8 |
       Dungeon |  29809 |  28542 |   1267 |   2754 |  21187 |  15 | 1987.3 |
        Temple |    669 |    629 |     40 |      0 |    625 |   1 |  669.0 |
          Lair |  10855 |  10437 |    418 |     69 |   8559 |   6 | 1809.2 |
        Shoals |   8675 |   8494 |    181 |   1277 |   5696 |   4 | 2168.8 |
  Orcish Mines |   3201 |   3017 |    184 |    670 |   1497 |   2 | 1600.5 |
         Sewer |    345 |    345 |      0 |      0 |    296 |   1 |  345.0 |
       Volcano |    415 |    415 |      0 |    197 |     33 |   1 |  415.0 |
      Gauntlet |    798 |    798 |      0 |    191 |    240 |   1 |  798.0 |
               +--------+--------+--------+--------+--------+-----+--------+

Top non-repeatable levels by time:
    D:10: 3949 daAuts
  Lair:6: 3323 daAuts
     D:6: 2647 daAuts
    D:14: 2562 daAuts
    D:11: 2505 daAuts
     D:9: 2477 daAuts
Shoals:3: 2435 daAuts
     D:5: 2179 daAuts
Shoals:4: 2155 daAuts
Shoals:2: 2062 daAuts
    D:12: 2051 daAuts
Shoals:1: 2021 daAuts
  Lair:1: 1937 daAuts
    D:13: 1897 daAuts
     D:8: 1888 daAuts
